 Dungeon Crawl Stone Soup version 0.14.1 (webtiles) character file.

1183 Heini the Cleaver (level 8, -1/71 HPs)
             Began as a Hill Orc Fighter on Apr 29, 2014.
             Slain by a centaur (2 damage)
             ... on Level 6 of the Dungeon.
             The game lasted 00:12:48 (4537 turns).

Heini the Cleaver (Hill Orc Fighter)                Turns: 4537, Time: 00:12:48

HP  -1/71        AC  7     Str 21      XL: 8   Next: 21%
MP   8/8         EV  6     Int  8      God:
Gold 167         SH 18     Dex 10      Spells:  0 memorised,  7 levels left

rFire  . . .     SeeInvis .     a - +1,-2 war axe
rCold  . . .     Clarity  .     b - +0 scale mail
rNeg   + . .     Conserve .     c - +0 shield
rPois  .         rCorr    .     (no helmet)
rElec  .         rRot     .     (no cloak)
SustAb . .       Spirit   .     (no gloves)
rMut   .         Warding  +     (no boots)
Saprov + . .     Stasis   .     g - amulet of warding
MR     .....                    (no ring)
                                m - ring of flight

@: slowed, very slow, not resistant to hostile enchantments, extremely
unstealthy
A: saprovore 1
a: Evoke Flight


You were on level 6 of the Dungeon.
You were hungry.

You visited 1 branch of the dungeon, and saw 6 of its levels.

You collected 167 gold pieces.

Inventory:

Hand weapons
 a - a +1,-2 war axe (weapon)
Missiles
 i - 10 stones (quivered)
Armour
 b - a +0 scale mail (worn)
 c - a +0 shield (worn)
Comestibles
 d - a meat ration
 f - a choko
 j - 2 bread rations
 o - a lychee
 t - a rotting chunk of adder flesh
 x - a chunk of ball python flesh
Scrolls
 e - 2 scrolls of identify
 k - 2 scrolls of amnesia
 n - 2 scrolls of remove curse
 p - 2 scrolls of teleportation
 s - a scroll of enchant armour
 w - a scroll of blinking
Jewellery
 g - an amulet of warding (around neck)
 m - a ring of flight (left hand)
 r - an uncursed amulet of resist corrosion {unknown}
Potions
 l - a potion of brilliance
 q - a potion of paralysis


   Skills:
 * Level 6.5 Fighting
 * Level 8.0 Axes
 * Level 7.1 Armour
 - Level 3.2 Shields


You had 7 spell levels left.
You didn't know any spells.

Dungeon Overview and Level Annotations

Branches:
Dungeon (6/15)
 Temple: D:4-7

Altars:
Makhleb
Yredelemnul
The Shining One

Annotations:
D:2 Sigmund


Innate Abilities, Weirdness & Mutations

You can tolerate rotten meat.


Message History

The ball python barely misses you.
The orc wizard mumbles some strange words.
The orc wizard blinks!
A jelly and an ogre come into view.
The jelly quivers.
The centaur shouts!
The ball python barely misses you. The ball python grabs you.
The ball python constricts you.
Found 11 gold pieces.
You escape the ball python's grasp.
The centaur hits you.
* * * LOW HITPOINT WARNING * * *
You block the orc's attack. The centaur hits you.
* * * LOW HITPOINT WARNING * * *
The orc hits you but does no damage.
There is a stone staircase leading up here.
The centaur hits you but does no damage.
You block the orc's attack.
The orc wizard gestures wildly while chanting.
The orc wizard blinks!
The centaur hits you.
You die...

. . .... .#..
..... $#..#
......#.#..#.
............
.......#.#.#
#..O.......
#.s..J..#.# #.
#.c@#.#.#.#
....#.#oo.#...###
......>TSJo.......
.#.##..I....#####
....#.##..#.####.
.......T§........
#####.#..##.####.#
#.............o..
#........#.####.##


You could see a troll, an ice beast, an ogre, a centaur, 2 jellies, 3 orcs, a
giant cockroach and a ball python.

Vanquished Creatures
  Prince Ribbit (D:5)
  The ghost of Bikaver the Covert, an average HaAs (D:4)
  3 ogres
  A scorpion (D:4)
  A hound (D:4)
  A jelly (D:5)
  An orc wizard (D:4)
  5 worker ants (D:4)
  5 adders
  2 worms (D:4)
  An ooze (D:4)
  8 orcs
  10 hobgoblins
  6 jackals
  2 quokkas
  2 ball pythons
  7 bats
  3 giant newts
  10 goblins
  A goblin skeleton (D:4)
  A goblin zombie (D:1)
  A hobgoblin skeleton (D:4)
  A hobgoblin zombie (D:1)
  7 kobolds
  11 rats
92 creatures vanquished.

Notes
Turn   | Place    | Note
--------------------------------------------------------------
     0 | D:1      | Heini, the Hill Orc Fighter, began the quest for the Orb.
     0 | D:1      | Reached XP level 1. HP: 19/19 MP: 1/1
   276 | D:1      | Reached XP level 2. HP: 22/27 MP: 2/2
   335 | D:1      | Reached skill level 4 in Fighting
   961 | D:2      | Reached XP level 3. HP: 33/33 MP: 3/3
  1101 | D:2      | Found a glowing golden altar of the Shining One.
  1101 | D:2      | Found a burning altar of Makhleb.
  1442 | D:2      | Noticed Sigmund
  1837 | D:3      | Reached XP level 4. HP: 37/41 MP: 4/4
  2107 | D:4      | Noticed an ogre
  2113 | D:4      | Killed an ogre
  2113 | D:4      | Reached XP level 5. HP: 33/47 MP: 5/5
  2118 | D:4      | Reached skill level 5 in Fighting
  2328 | D:4      | Reached skill level 5 in Axes
  2525 | D:4      | Noticed an ogre
  2570 | D:4      | Killed an ogre
  2570 | D:4      | Reached skill level 5 in Armour
  2570 | D:4      | Reached XP level 6. HP: 25/56 MP: 6/6
  2897 | D:4      | Noticed Bikaver's ghost (average HaAs)
  2938 | D:4      | Killed Bikaver's ghost
  2938 | D:4      | Reached skill level 6 in Axes
  2938 | D:4      | Reached XP level 7. HP: 28/62 MP: 7/7
  4251 | D:5      | Entered Level 5 of the Dungeon
  4265 | D:5      | Reached skill level 7 in Axes
  4300 | D:5      | Noticed Prince Ribbit
  4345 | D:5      | Killed Prince Ribbit
  4345 | D:5      | Reached skill level 8 in Axes
  4345 | D:5      | Reached XP level 8. HP: 43/71 MP: 8/8
  4479 | D:5      | Noticed a human
  4485 | D:5      | Found a basalt altar of Yredelemnul.
  4499 | D:5      | HP: 3/71 [ice beast (5)]
  4499 | D:5      | HP: 1/71 [kobold skeleton (2)]
  4502 | D:6      | Noticed a troll
  4536 | D:6      | HP: 1/71 [centaur (4)]
  4537 | D:6      | Slain by a centaur

Action                   |  1- 3 |  4- 6 |  7- 9 || total
-------------------------+-------+-------+-------++-------
Melee: War axe           |   147 |    78 |   139 ||   364
  Use: Scroll            |     9 |     1 |       ||    10
       Potion            |       |     2 |     2 ||     4
